 Dungeon Crawl Stone Soup version 0.32-a0-960-g3814254bd7 (webtiles) character file.

Game seed: 17923210522459807422

5 elagabalus the Sneak (level 1, 16/16 HPs)
             Began as a Coglin Brigand on Apr 17, 2024.
             Quit the game on level 1 of the Dungeon.
             The game lasted 00:00:43 (76 turns).

elagabalus the Sneak (Coglin Brigand)                 Turns: 76, Time: 00:00:44

Health: 16/16      AC:  3    Str: 11    XL:     1   Next: 80%
Magic:  1/1        EV: 10    Int: 10    God:
Gold:   8          SH:  0    Dex: 15    Spells: 0/0 levels left

rFire   . . .        a - +2 dagger {Muriel}
rCold   . . .        f - +0 dagger {Yayatum}
rNeg    . . .        b - +0 robe
rPois   .            (no helmet)
rElec   .            c - +0 cloak
rCorr   .            (no gloves)
SInv    .            (no boots)
Will    .....        (amulet unavailable)
Stlth   ++           (ring unavailable)
HPRegen 0.22/turn    (ring unavailable)
MPRegen 0.07/turn    (no gizmo)

%: no passive effects
@: revving
A: off-hand wielding, slow wielding, warmup strikes, no jewellery
a: Invent Gizmo


You were on level 1 of the Dungeon.
You visited 1 branch of the dungeon, and saw 1 of its levels.

You collected 8 gold pieces.

Inventory:

Hand Weapons
 a - a +2 dagger (weapon) {Muriel}
 f - a +0 dagger (offhand) {Yayatum}
Missiles
 d - 9 poisoned darts (quivered)
 e - 3 curare-tipped darts
Armour
 b - a +0 robe (worn)
 c - a +0 cloak (worn)
Potions
 g - a potion of might {unknown}


   Skills:
 - Level 2.0 Fighting
 * Level 2.2 Short Blades
 - Level 1.7 Throwing
 - Level 0.8 Dodging
 - Level 3.2 Stealth


You couldn't memorise any spells.
You didn't know any spells.
Your spell library was empty.

Dungeon Overview and Level Annotations

Branches:
Dungeon (1/15)

Altars:


Innate Abilities, Weirdness & Mutations

You can wield a second weapon in your off-hand.
It takes a long time for you to wield or remove held weapons.
Your first few attacks do less damage.
You cannot equip rings or amulets.


Message History

A jackal comes into view.
Found a sling.
Found 8 gold pieces.
A jackal comes into view.
Found a book of Winter.
The jackal barks!
Found 4 poisoned darts.
You hit the jackal but do no damage. You hit the jackal with your +0 dagger.
The jackal bites you but does no damage.
The jackal closely misses you. x2
You hit the jackal with your +2 dagger.
You kill the jackal!
The jackal bites you but does no damage. x2
Your Short Blades skill increases to level 2!
The jackal barely misses you.
The jackal bites you but does no damage.
The jackal closely misses you.
You see here a ring of flight.
You hit the jackal with your +2 dagger.
The jackal is moderately wounded.
You completely miss the jackal with your +0 dagger.
The jackal barely misses you. x2
You hit the jackal but do no damage.
The jackal is moderately wounded.
You hit the jackal but do no damage.
The jackal bites you but does no damage.
The jackal closely misses you.
You hit the jackal with your +2 dagger.
You kill the jackal!
The jackal closely misses you. The jackal completely misses you.
You hit the jackal with your +2 dagger.
The jackal is almost dead.
You hit the jackal but do no damage. The jackal completely misses you.
You hit the jackal but do no damage.
The jackal is almost dead.
You hit the jackal with your +0 dagger.
You kill the jackal!
You now have 8 gold pieces.
You see here a ring of flight.
Are you sure you want to abandon this character and quit the game? (Confirm with "yes".)

. ###. ## ##
#...#######.#...
....(............
......#..........
#.#.............. #.#
#..:@## ....
#.#####...##.....
#####..........).....
#.....##..##.........
##.###.#....##..#.....
#........#..###:......
######.......# #####..
#...P...## .
####...♣...#P#####


There were no monsters in sight!

Vanquished Creatures
  3 jackals (D:1)
  A kobold (D:1)
  A rat (D:1)
5 creatures vanquished.

Notes
Turn   | Place    | Note
-------+----------+-------------------------------------------
     0 | D:1      | elagabalus the Coglin Brigand began the quest for the Orb.
     0 | D:1      | Reached XP level 1. HP: 16/16 MP: 1/1
    76 | D:1      | Quit the game

Illustrated notes

Levels and vault maps discovered:
D:1:      denvon_arrival_planthouse, layout_rooms

Skill      XL: |  1 |
---------------+----+-----
Short Blades   | 2 |  2.2
Fighting       | |  2.0
Throwing       | |  1.7
Dodging        | |  0.8
Stealth        | |  3.2

Action                     || total
---------------------------++-------
  Melee: Dagger            ||    21
 Armour: Robe              ||     7
  Dodge: Dodged            ||    12

Table legend: (Time is in decaauts)
 A = Elapsed time spent in this place.
 B = Non-inter-level travel time spent in this place.
 C = Inter-level travel time spent in this place.
 D = Time resting spent in this place.
 E = Time spent auto-exploring this place.
 F = Levels seen in this place.
 G = Mean time per level.
                   A        B        C        D        E       F      G
               +--------+--------+--------+--------+--------+-----+--------+
         Total |     74 |     74 |      0 |      0 |      0 |   1 |   74.0 |
       Dungeon |     74 |     74 |      0 |      0 |      0 |   1 |   74.0 |
               +--------+--------+--------+--------+--------+-----+--------+

Top non-repeatable levels by time:
     D:1: 74 daAuts
